Workbook
Name \A: #REF!
Name \c: #REF!
Name \D: #REF!
Name \G: #REF!
Name \I: #REF!
Name \M: #REF!
Name \P: #REF!
Name \R: #REF!
Name \S: [1]COMPOS1!#REF!
Name \t: #REF!
Name \Y: #REF!
Name \z: #REF!
Name _: #REF!
Name _\0: #REF!
Name _\1: #REF!
Name _\2: [2]compos1!#REF!
Name _\a: #REF!
Name _\I: #REF!
Name _\m: #REF!
Name _\p: #REF!
Name _\s: #REF!
Name ________\0: #REF!
Name ________\1: #REF!
Name ________\2: [2]compos1!#REF!
Name ________\a: #REF!
Name ________\I: #REF!
Name ________\m: #REF!
Name ________\p: #REF!
Name ________\s: #REF!
Name _______________Ext2: '[3]P A T O 99 B'!#REF!
Name _______________PL1: #REF!
Name ______________Ext2: '[3]P A T O 99 B'!#REF!
Name ______________PL1: #REF!
Name ______________r: #REF!
Name _____________Ext2: '[3]P A T O 99 B'!#REF!
Name _____________OUT98: {#N/A,#N/A,TRUE,"Serviços"}
Name _____________OUT98: {#N/A,#N/A,TRUE,"Serviços"}
Name _____________OUT98: {#N/A,#N/A,TRUE,"Serviços"}
Name _____________OUT98_1: {#N/A,#N/A,TRUE,"Serviços"}
Name _____________OUT98_1: {#N/A,#N/A,TRUE,"Serviços"}
Name _____________OUT98_1: {#N/A,#N/A,TRUE,"Serviços"}
Name _____________PL1: #REF!
Name _____________r: #REF!
Name _____________Rbv1: #NAME?
Name ____________Ext2: '[3]P A T O 99 B'!#REF!
Name ____________OUT98: {#N/A,#N/A,TRUE,"Serviços"}
Name ____________OUT98: {#N/A,#N/A,TRUE,"Serviços"}
Name ____________OUT98: {#N/A,#N/A,TRUE,"Serviços"}
Name ____________OUT98_1: {#N/A,#N/A,TRUE,"Serviços"}
Name ____________OUT98_1: {#N/A,#N/A,TRUE,"Serviços"}
Name ____________OUT98_1: {#N/A,#N/A,TRUE,"Serviços"}
Name ____________PL1: #REF!
Name ____________r: #REF!
Name ____________Rbv1: #NAME?
Name ___________Ext2: '[3]P A T O 99 B'!#REF!
Name ___________OUT98: {#N/A,#N/A,TRUE,"Serviços"}
Name ___________OUT98: {#N/A,#N/A,TRUE,"Serviços"}
Name ___________OUT98: {#N/A,#N/A,TRUE,"Serviços"}
Name ___________OUT98_1: {#N/A,#N/A,TRUE,"Serviços"}
Name ___________OUT98_1: {#N/A,#N/A,TRUE,"Serviços"}

Sheet RESUMO 
B2: DESCRIÇÃO | C2: PREÇO TOTAL R$ | D2: %
A5: 1 | B5: =#REF! -> #REF! | C5: =VLOOKUP(A5,#REF!,22,FALSE) -> #REF! | D5: =C5/$C$21 -> #REF!
A7: 2 | B7: =#REF! -> #REF! | C7: =VLOOKUP(A7,#REF!,22,FALSE) -> #REF! | D7: =C7/$C$21 -> #REF!
A9: 3 | B9: =#REF! -> #REF! | C9: =VLOOKUP(A9,#REF!,22,FALSE) -> #REF! | D9: =C9/$C$21 -> #REF!
A11: 4 | B11: =#REF! -> #REF! | C11: =VLOOKUP(A11,#REF!,22,FALSE) -> #REF! | D11: =C11/$C$21 -> #REF!
A13: 5 | B13: =#REF! -> #REF! | C13: =VLOOKUP(A13,#REF!,22,FALSE) -> #REF! | D13: =C13/$C$21 -> #REF!
A15: 6 | B15: =#REF! -> #REF! | C15: =VLOOKUP(A15,#REF!,22,FALSE) -> #REF! | D15: =C15/$C$21 -> #REF!
G16: 1.2487512
A17: 7 | B17: =#REF! -> #REF! | C17: =VLOOKUP(A17,#REF!,22,FALSE) -> #REF! | D17: =C17/$C$21 -> #REF!
A19: 8 | B19: =#REF! -> #REF! | C19: =VLOOKUP(A19,#REF!,22,FALSE) -> #REF! | D19: =C19/$C$21 -> #REF!
B21: PREÇO TOTAL DA OBRA | C21: =SUM(C5:C19) -> #REF! | D21: =SUM(D5:D19) -> #REF!

Sheet Grafico
A1: ='RESUMO '!B9 -> #REF! | B1: ='RESUMO '!C9 -> #REF!
A2: ='RESUMO '!B19 -> #REF! | B2: ='RESUMO '!C19 -> #REF!
A3: ='RESUMO '!B5 -> #REF! | B3: ='RESUMO '!C5 -> #REF!
A4: ='RESUMO '!B17 -> #REF! | B4: ='RESUMO '!C17 -> #REF!
A5: ='RESUMO '!B15 -> #REF! | B5: ='RESUMO '!C15 -> #REF!
A6: ='RESUMO '!B7 -> #REF! | B6: ='RESUMO '!C7 -> #REF!
A7: ='RESUMO '!B13 -> #REF! | B7: ='RESUMO '!C13 -> #REF!
A8: ='RESUMO '!B11 -> #REF! | B8: ='RESUMO '!C11 -> #REF!

Sheet GICFER

Sheet CAPA
D2: Ponte Rio dos Bois da GO-206
B5: REVISÕES
B6: TE: TIPO | D6: A - PRELIMINAR | E6: C-PARA CONHECIMENTO | G6: E -PARA CONSTRUÇÃO | J6: G-CONFORME CONSTRUÍDO
B7: EMISSÃO | D7: B - PARA APROVAÇÃO | E7: D-PARA COTAÇÃO | G7: F-CONFORME COMPRADO | J7: H-CANCELADO
B8: Rev. | C8: TE | D8: Descrição | F8: Por | H8: Ver. | I8: Apr. | K8: Aut. | L8: Data
B9: A | C9: C | D9: EMISSÃO INICIAL | F9: LVA | H9: DGCA | I9: LVA | K9: DGCA | L9: 45966

Sheet RECUPERAÇÃO DOS PILARES
C1: Recuperação Pilares do Pórtico 1 e 2 - Ponte Rio dos Bois da GO-206
A4: QUADRO DE QUANTIDADES
A7: ITEM | B7: CÓDIGO | C7: DISCRIMINAÇÃO | D7: ORIGEM PREÇO | E7: UNID. | F7: QUANTIDADES TOTAL | G7: PREÇO UN. | H7: PREÇO TOTAL
A8: OAE RIO DOS BOIS
A10: 1 | B10: RECUPERAÇÃO DO PILAR - PÓRTICO 1 E 2
A11: 1.1 | B11: SERVIÇOS PRELIMINARES | H11: =SUM(H12:H14) -> 38038.929
A12: 1.1.1 | B12: 42290A | C12: Canteiro de Obra Tipo F | D12: GOINFRA | E12: UND. | F12: 1 | G12: ='Canteiro de Obras'!D64 -> 9670.0541 | H12: =F12*G12 -> 9670.0541
A13: 1.1.2 | B13: 42190A | C13: Administração local - Tipo F | D13: GOINFRA | E13: UND. | F13: 1 | G13: ='Administração Local'!D48 -> 14701.742 | H13: =F13*G13 -> 14701.742
A14: 1.1.3 | B14: E9043 | C14: Embarcação de alumínio com comprimento de 6 m e motor de popa - 18,60 kW | D14: SICRO | E14: h | F14: =2*8*8 -> 128 | G14: =83.9356*1.2721 -> 106.77448 | H14: =F14*G14 -> 13667.133
A15: 1.2 | B15: RESTAURAÇÃO PILAR PÓRTICO 1 LADO ESQUERDO (SENTIDO INACIOLÂNDIA/GOUVELÂNDIA) | H15: =SUM(H16:H25) -> 16608.065
A16: 1.2.1 | B16: 45135 | C16: Escoramento para ponte | D16: GOINFRA | E16: m³ | F16: ='MC E COMPOSIÇÕES'!$G$3 -> 20.8 | G16: =VLOOKUP(B16,'Tabela T-313'!A9:U573,21,0) -> 137.69 | H16: =G16*F16 -> 2863.952
A17: 1.2.2 | B17: 67022 | C17: Limpeza do substrato com aplicação de jato de água fria | D17: GOINFRA | E17: m² | F17: ='COMPOSIÇÕES GOINFRA'!$AC$67 -> 12 | G17: ='COMPOSIÇÕES GOINFRA'!V78 -> 3.1065445 | H17: =G17*F17 -> 37.278534
A18: 1.2.3 | B18: 67010 | C18: Escarificação Manual, Corte de Concreto até 3cm de profundidade | D18: GOINFRA | E18: m³ | F18: =F19*0.03 -> 0.09 | G18: ='COMPOSIÇÕES GOINFRA'!$V$46 -> 2759.6192 | H18: =G18*F18 -> 248.36573
A19: 1.2.4 | B19: 67016 | C19: Escovação Manual de Armadura ou Chapa Metálica | D19: GOINFRA | E19: m² | F19: ='COMPOSIÇÕES GOINFRA'!$AC$3 -> 3 | G19: ='COMPOSIÇÕES GOINFRA'!$V$15 -> 51.313766 | H19: =G19*F19 -> 153.9413
A20: 1.2.5 | B20: 67026A | C20: Proteção de Armadura Contra Corrosão a base de Zinco - 2 demãos - Ponte de Ligação do Concreto | D20: GOINFRA | E20: m² | F20: ='COMPOSIÇÕES GOINFRA'!$AC$21 -> 3 | G20: ='COMPOSIÇÕES GOINFRA'!$V$34 -> 97.772994 | H20: =G20*F20 -> 293.31898
A21: 1.2.6 | B21: 67026A | C21: Proteção de Armadura Contra Corrosão a base de Zinco - 2 demãos | D21: GOINFRA | E21: m² | F21: =F19 -> 3 | G21: ='COMPOSIÇÕES GOINFRA'!$V$34 -> 97.772994 | H21: =G21*F21 -> 293.31898
A22: 1.2.7 | B22: 67058A | C22: Pintura a base de Silano Siloxano para Proteção de Superfícies Internas/Externas de Estrutura de Concreto - 5 demãos | D22: GOINFRA | E22: m² | F22: ='COMPOSIÇÕES GOINFRA'!$AC$50 -> 3 | G22: ='COMPOSIÇÕES GOINFRA'!$V$62 -> 38.556079 | H22: =G22*F22 -> 115.66824
A23: 1.2.8 | B23: 3108011 | C23: Formas de compensado plastificado 12 mm - uso geral - utilização de 1 vez - confecção, instalação e retirada | D23: SICRO | E23: m² | F23: ='MC E COMPOSIÇÕES'!$G$78 -> 2.25 | G23: ='MC E COMPOSIÇÕES'!$K$74 -> 183.50043 | H23: =F23*G23 -> 412.87596
A24: 1.2.9 | B24: 1108059 | C24: Microconcreto para reparos e grauteamento - confecção em misturador e lançamento manual | D24: SICRO | E24: m³ | F24: ='MC E COMPOSIÇÕES'!$G$78 -> 2.25 | G24: ='MC E COMPOSIÇÕES'!$K$114 -> 4429.2868 | H24: =F24*G24 -> 9965.8954
A25: 1.2.10 | B25: 45155 | C25: Armação em aço CA-50/60 Aquisição, Armação e Colocação (Incluso Perdas) | D25: GOINFRA | E25: kg | F25: ='MC E COMPOSIÇÕES'!$G$122 -> 135 | G25: =VLOOKUP(B25,'Tabela T-313'!A17:U581,21,0) -> 16.47 | H25: =F25*G25 -> 2223.45
A26: 1.3 | B26: RESTAURAÇÃO PILAR PÓRTICO 2 LADO ESQUERDO (SENTIDO INACIOLÂNDIA/GOUVELÂNDIA) | H26: =SUM(H27:H36) -> 16608.065
A27: 1.3.1 | B27: 45135 | C27: Escoramento para ponte | D27: GOINFRA | E27: m³ | F27: ='MC E COMPOSIÇÕES'!$G$3 -> 20.8 | G27: =VLOOKUP(B27,'Tabela T-313'!A20:U584,21,0) -> 137.69 | H27: =G27*F27 -> 2863.952
A28: 1.3.2 | B28: 67022 | C28: Limpeza do substrato com aplicação de jato de água fria | D28: GOINFRA | E28: m² | F28: ='COMPOSIÇÕES GOINFRA'!$AC$67 -> 12 | G28: ='COMPOSIÇÕES GOINFRA'!V78 -> 3.1065445 | H28: =G28*F28 -> 37.278534
A29: 1.3.3 | B29: 67010 | C29: Escarificação Manual, Corte de Concreto até 3cm de profundidade | D29: GOINFRA | E29: m³ | F29: =F30*0.03 -> 0.09 | G29: ='COMPOSIÇÕES GOINFRA'!$V$46 -> 2759.6192 | H29: =G29*F29 -> 248.36573
A30: 1.3.4 | B30: 67016 | C30: Escovação Manual de Armadura ou Chapa Metálica | D30: GOINFRA | E30: m² | F30: ='COMPOSIÇÕES GOINFRA'!$AC$3 -> 3 | G30: ='COMPOSIÇÕES GOINFRA'!$V$15 -> 51.313766 | H30: =G30*F30 -> 153.9413
A31: 1.3.5 | B31: 67026A | C31: Proteção de Armadura Contra Corrosão a base de Zinco - 2 demãos - Ponte de Ligação do Concreto | D31: GOINFRA | E31: m² | F31: ='COMPOSIÇÕES GOINFRA'!$AC$21 -> 3 | G31: ='COMPOSIÇÕES GOINFRA'!$V$34 -> 97.772994 | H31: =G31*F31 -> 293.31898
A32: 1.3.6 | B32: 67026A | C32: Proteção de Armadura Contra Corrosão a base de Zinco - 2 demãos | D32: GOINFRA | E32: m² | F32: =F30 -> 3 | G32: ='COMPOSIÇÕES GOINFRA'!$V$34 -> 97.772994 | H32: =G32*F32 -> 293.31898
A33: 1.3.7 | B33: 67058A | C33: Pintura a base de Silano Siloxano para Proteção de Superfícies Internas/Externas de Estrutura de Concreto - 5 demãos | D33: GOINFRA | E33: m² | F33: ='COMPOSIÇÕES GOINFRA'!$AC$50 -> 3 | G33: ='COMPOSIÇÕES GOINFRA'!$V$62 -> 38.556079 | H33: =G33*F33 -> 115.66824
A34: 1.3.8 | B34: 3108011 | C34: Formas de compensado plastificado 12 mm - uso geral - utilização de 1 vez - confecção, instalação e retirada | D34: SICRO | E34: m² | F34: ='MC E COMPOSIÇÕES'!$G$78 -> 2.25 | G34: ='MC E COMPOSIÇÕES'!$K$74 -> 183.50043 | H34: =F34*G34 -> 412.87596
A35: 1.3.9 | B35: 1108059 | C35: Microconcreto para reparos e grauteamento - confecção em misturador e lançamento manual | D35: SICRO | E35: m³ | F35: ='MC E COMPOSIÇÕES'!$G$78 -> 2.25 | G35: ='MC E COMPOSIÇÕES'!$K$114 -> 4429.2868 | H35: =F35*G35 -> 9965.8954
A36: 1.3.10 | B36: 45155 | C36: Armação em aço CA-50/60 Aquisição, Armação e Colocação (Incluso Perdas) | D36: GOINFRA | E36: kg | F36: ='MC E COMPOSIÇÕES'!$G$122 -> 135 | G36: =VLOOKUP(B36,'Tabela T-313'!A28:U592,21,0) -> 16.47 | H36: =F36*G36 -> 2223.45
G37: =H11+H15+H26 -> 71255.059

Sheet MC E COMPOSIÇÕES
B2: ITEM | C2: CÓDIGO | D2: DISCRIMINAÇÃO | E2: ORIGEM PREÇO | F2: UNID. | G2: QUANTIDADES TOTAL | H2: PREÇO UN.
B3: ='RECUPERAÇÃO DOS PILARES'!A27 -> 1.3.1 | C3: ='RECUPERAÇÃO DOS PILARES'!B27 -> 45135 | D3: ='RECUPERAÇÃO DOS PILARES'!C27 -> Escoramento para ponte | E3: ='RECUPERAÇÃO DOS PILARES'!D27 -> GOINFRA | F3: ='RECUPERAÇÃO DOS PILARES'!E27 -> m³ | G3: =E7*F7*G7*H7 -> 20.8 | H3: ='RECUPERAÇÃO DOS PILARES'!G27 -> 137.69
B5: https://abrasfe.org.br/formas-escoramentos-e-acesso/
E6: b(m) | F6: l(m) | G6: h(m) | H6: n
E7: 1.3 | F7: 4 | G7: 4 | H7: 1
C35: SISTEMA DE CUSTOS REFERENCIAIS DE OBRAS - SICRO | F35: Goiás
C36: Custo Unitário de Referência | F36: Julho/2025 | I36: Produção da equipe | J36: 1 | K36: m²
C37: 3108011 | D37: Fôrmas de compensado plastificado 12 mm - uso geral - utilização de 1 vez - confecção, instalação e retirada | J37: Valores em reais (R$)
C38: A - EQUIPAMENTOS | E38: Quantidade | F38: Utilização | H38: Custo Horário | K38: Custo
F39: Operativa | G39: Improdutiva | H39: Produtivo | I39: Improdutivo | K39: Horário Total
C40: E9066 | D40: Grupo gerador - 14 kVA | E40: 0.1004 | F40: 1 | G40: 0 | H40: 20.6182 | I40: 5.8503 | K40: 2.0701
C41: E9535 | D41: Serra circular com bancada - D = 30 cm - 4 kW | E41: 0.1004 | F41: 1 | G41: 0 | H41: 30.3749 | I41: 30.0177 | K41: 3.0496
I42: Custo horário total de equipamentos | K42: 5.1197
C43: B - MÃO DE OBRA | E43: Quantidade | F43: Unidade | H43: Custo Horário | I43: Custo Horário Total
C44: P9801 | D44: Ajudante | E44: 0.6 | F44: h | H44: 23.9563 | K44: 14.3738
C45: P9808 | D45: Carpinteiro | E45: 0.6 | F45: h | H45: 29.413 | K45: 17.6478
E46: Custo horário total de mão de obra | K46: 32.0216
E47: Custo horário total de execução | K47: 37.1413
E48: Custo unitário de execução | K48: 37.1413
I49: Custo do FIC | K49: -
I50: Custo do FIT | K50: -
C51: C - MATERIAL | E51: Quantidade | F51: Unidade | H51: Preço Unitário | I51: Custo Unitário
C52: M0284 | D52: Caibro de pinho - L = 7,5 cm e E = 7,5 cm | E52: 1.22221 | F52: m | H52: 13.1108 | K52: 16.0242
C53: M0443 | D53: Compensado plastificado - E = 12 mm | E53: 1.1 | F53: m² | H53: 44 | K53: 48.4
C54: M0560 | D54: Desmoldante para fôrmas de madeira | E54: 0.01 | F54: l | H54: 12.1242 | K54: 0.1212
C55: M0310 | D55: Peça de madeira - L = 7,5 cm e E = 2,5 cm | E55: 0.54164 | F55: m | H55: 4.849 | K55: 2.6264
C56: M1205 | D56: Prego de ferro | E56: 0.20395 | F56: kg | H56: 16.8195 | K56: 3.4303
C57: M0290 | D57: Tábua - E = 2,5 cm e L = 10 cm | E57: 5.68645 | F57: m | H57: 3.8274 | K57: 21.7643
C58: M0286 | D58: Tábua - E = 2,5 cm e L = 30 cm | E58: 0.97779 | F58: m | H58: 13.5854 | K58: 13.2837
E59: Custo unitário total de material | K59: 105.6501
C60: D - ATIVIDADES AUXILIARES | E60: Quantidade | F60: Unidade | H60: Custo Unitário | I60: Custo Unitário
E61: Custo total de atividades auxiliares
I62: Subtotal | K62: 142.7914
C63: E - TEMPO FIXO | E63: Código | F63: Quantidade | G63: Unidade | I63: Custo Unitário | J63: Custo Unitário
C64: M0284 | D64: Caibro de pinho - L = 7,5 cm e E = 7,5 cm - Caminhão carroceria 15 t | E64: 5914655 | F64: 0.00687 | G64: t | I64: 34.09 | K64: 0.2342
C65: M0443 | D65: Compensado plastificado - E = 12 mm - Caminhão carroceria 15 t | E65: 5914655 | F65: 0.0132 | G65: t | I65: 34.09 | K65: 0.45
C66: M0560 | D66: Desmoldante para fôrmas de madeira - Caminhão carroceria 15 t | E66: 5914655 | F66: 1e-05 | G66: t | I66: 34.09 | K66: 0.0003
C67: M0310 | D67: Peça de madeira - L = 7,5 cm e E = 2,5 cm - Caminhão carroceria 15 t | E67: 5914655 | F67: 0.00102 | G67: t | I67: 34.09 | K67: 0.0348
C68: M1205 | D68: Prego de ferro - Caminhão carroceria 15 t | E68: 5914655 | F68: 0.0002 | G68: t | I68: 34.09 | K68: 0.0068
C69: M0290 | D69: Tábua - E = 2,5 cm e L = 10 cm - Caminhão carroceria 15 t | E69: 5914655 | F69: 0.01422 | G69: t | I69: 34.09 | K69: 0.4848
C70: M0286 | D70: Tábua - E = 2,5 cm e L = 30 cm - Caminhão carroceria 15 t | E70: 5914655 | F70: 0.00733 | G70: t | I70: 34.09 | K70: 0.2499
E71: Custo unitário total de tempo fixo | K71: 1.4608
E72: Custo unitário total de transporte
G73: Custo unitário direto total | K73: 144.25
J74: Com BDI (27,21%) | K74: =K73*1.2721 -> 183.50043
B77: ITEM | C77: CÓDIGO | D77: DISCRIMINAÇÃO | E77: ORIGEM PREÇO | F77: UNID. | G77: QUANTIDADES TOTAL | H77: PREÇO UN.
B78: ='RECUPERAÇÃO DOS PILARES'!A34 -> 1.3.8 | C78: ='RECUPERAÇÃO DOS PILARES'!B34 -> 3108011 | D78: ='RECUPERAÇÃO DOS PILARES'!C34 -> Formas de compensado plastificado 12 mm - uso geral - utilização de 1 vez - confecção, instalação e retirada | E78: ='RECUPERAÇÃO DOS PILARES'!D34 -> SICRO | F78: ='RECUPERAÇÃO DOS PILARES'!E34 -> m² | G78: =E82*F82*H82*G82 -> 2.25 | H78: ='RECUPERAÇÃO DOS PILARES'!G34 -> 183.50043
E81: b(m) | F81: l(m) | G81: h(m) | H81: n
E82: 1.5 | F82: 1 | G82: 1.5 | H82: 1
C84: SISTEMA DE CUSTOS REFERENCIAIS DE OBRAS - SICRO | F84: Goiás
C85: Custo Unitário de Referência | F85: Julho/2025 | I85: Produção da equipe | J85: 1.22509 | K85: m³
C86: 1108059 | D86: Microconcreto para reparos e grauteamento - confecção em misturador e lançamento manual | J86: Valores em reais (R$)
C87: A - EQUIPAMENTOS | E87: Quantidade | F87: Utilização | H87: Custo Horário | K87: Custo
F88: Operativa | G88: Improdutiva | H88: Produtivo | I88: Improdutivo | K88: Horário Total
C89: E9788 | D89: Misturador de argamassa com capacidade de 0,250 m³ - 3,70 kW | E89: 1 | F89: 1 | G89: 0 | H89: 41.3159 | I89: 33.6111 | K89: 41.3159
C90: E9071 | D90: Transportador manual carrinho de mão com capacidade de 80 l | E90: 1 | F90: 0.3 | G90: 0.7 | H90: 0.6994 | I90: 0.4732 | K90: 0.5411
C91: E9064 | D91: Transportador manual gerica com capacidade de 180 l | E91: 2 | F91: 0.2 | G91: 0.8 | H91: 1.521 | I91: 1.0292 | K91: 2.2551
I92: Custo horário total de equipamentos | K92: 44.1121
C93: B - MÃO DE OBRA | E93: Quantidade | F93: Unidade | H93: Custo Horário | I93: Custo Horário Total
C94: P9821 | D94: Pedreiro | E94: 1 | F94: h | H94: 29.5398 | K94: 29.5398
C95: P9824 | D95: Servente | E95: 5 | F95: h | H95: 22.7881 | K95: 113.9405
E96: Custo horário total de mão de obra | K96: 143.4803
E97: Custo horário total de execução | K97: 187.5924
E98: Custo unitário de execução | K98: 153.1254
I99: Custo do FIC | K99: -
I100: Custo do FIT | K100: -
C101: C - MATERIAL | E101: Quantidade | F101: Unidade | H101: Preço Unitário | I101: Custo Unitário
C102: M0083 | D102: Argamassa pré-dosada para grauteamento | E102: 1811.25 | F102: kg | H102: 1.7685 | K102: 3203.1956
C103: M1103 | D103: Pedrisco | E103: 0.36225 | F103: m³ | H103: 173.3811 | K103: 62.8073
E104: Custo unitário total de material | K104: 3266.0029
C105: D - ATIVIDADES AUXILIARES | E105: Quantidade | F105: Unidade | H105: Custo Unitário | I105: Custo Unitário
E106: Custo total de atividades auxiliares
I107: Subtotal | K107: 3419.1283
C108: E - TEMPO FIXO | E108: Código | F108: Quantidade | G108: Unidade | I108: Custo Unitário | J108: Custo Unitário
C109: M0083 | D109: Argamassa pré-dosada para grauteamento - Caminhão carroceria 15 t | E109: 5914655 | F109: 1.81125 | G109: t | I109: 34.09 | K109: 61.7455
C110: M1103 | D110: Pedrisco - Caminhão basculante 10 m³ | E110: 5914647 | F110: 0.54338 | G110: t | I110: 1.83 | K110: 0.9944
E111: Custo unitário total de tempo fixo | K111: 62.7399
E112: Custo unitário total de transporte
G113: Custo unitário direto total | K113: 3481.87
J114: Com BDI (27,21%) | K114: =K113*1.2721 -> 4429.2868
B121: ITEM | C121: CÓDIGO | D121: DISCRIMINAÇÃO | E121: ORIGEM PREÇO | F121: UNID. | G121: QUANTIDADES TOTAL | H121: PREÇO UN.
B122: ='RECUPERAÇÃO DOS PILARES'!A36 -> 1.3.10 | C122: 45155 | D122: ='RECUPERAÇÃO DOS PILARES'!C36 -> Armação em aço CA-50/60 Aquisição, Armação e Colocação (Incluso Perdas) | E122: ='RECUPERAÇÃO DOS PILARES'!D36 -> GOINFRA | F122: ='RECUPERAÇÃO DOS PILARES'!E36 -> kg | G122: =E126*F126*H126*G126 -> 135 | H122: 16.41
E125: b(m) | F125: l(m) | G125: h(m) | H125: taxa
E126: 1.5 | F126: 1 | G126: 1.5 | H126: 60

Sheet COMPOSIÇÕES GOINFRA
A2: Tabela de preços: 316 - TABELA DE CUSTOS DE OBRAS CIVIS - T316 - AGOSTO/2025 - SEM DESONERAÇÃO | Q2: Data base: 01/08/2025 | X2: ITEM | Y2: CÓDIGO | Z2: DISCRIMINAÇÃO | AA2: ORIGEM PREÇO | AB2: UNID. | AC2: QUANTIDADES TOTAL | AD2: PREÇO UN.
A3: Serviço: 067016 - ESCOVAMENTO MANUAL DE ARMADURA OU CHAPA METÁLICA | Q3: Unidade: m2 | X3: ='RECUPERAÇÃO DOS PILARES'!$A$29 -> 1.3.3 | Y3: ='RECUPERAÇÃO DOS PILARES'!$B$30 -> 67016 | Z3: ='RECUPERAÇÃO DOS PILARES'!$C$30 -> Escovação Manual de Armadura ou Chapa Metálica | AA3: ='RECUPERAÇÃO DOS PILARES'!$D$29 -> GOINFRA | AB3: ='RECUPERAÇÃO DOS PILARES'!$E$29 -> m³ | AC3: =AA6*AB6*AC6*AD6 -> 3 | AD3: =V15 -> 51.313766
A5: Código Auxiliar | D5: (B) Mãos-de-obra | G5: Eq. Salarial | I5: Sal/Hora | L5: Encargos(%) | O5: Consumo | T5: Custo Horário | AA5: b(m) | AB5: l(m) | AC5: Demãos | AD5: n
A6: 0005 | D6: SERVENTE | G6: 7.19 | I6: 20.21 | L6: 181.15 | O6: 1.9932 | T6: =O6*I6 -> 40.282572 | AA6: 1.5 | AB6: 2 | AC6: 1 | AD6: 1
A7: (B) Total: | Q7: 40.28
A9: Código Auxiliar | D9: (C) Materiais | J9: Unidade | M9: Valor unitário | P9: Consumo | U9: Valor total
A10: 1262 | D10: ESCOVA DE AÇO | J10: un | M10: 14.46 | P10: 0.004 | U10: =P10*M10 -> 0.05784
A11: (C) Total: | Q11: =U10 -> 0.05784
A13: Custo direto total (A) + (B) + (C) + (D) + (E) | Q13: =Q11+Q7 -> 40.33784
A14: BDI: 27,21% | Q14: 27.21
A15: Preço unitário total | V15: =Q13*(1+Q14/100) -> 51.313766
A19: Tabela de preços: 316 - TABELA DE CUSTOS DE OBRAS CIVIS - T316 - AGOSTO/2025 - SEM DESONERAÇÃO | Q19: Data base: 01/08/2025
X20: ITEM | Y20: CÓDIGO | Z20: DISCRIMINAÇÃO | AA20: ORIGEM PREÇO | AB20: UNID. | AC20: QUANTIDADES TOTAL | AD20: PREÇO UN.
A21: Serviço: 067026A - PROTEÇÃO DE ARMADURA CONTRA CORROSÃO A BASE DE ZINCO - 2 DEMÃOS | Q21: Unidade: m2 | X21: ='RECUPERAÇÃO DOS PILARES'!$A$31 -> 1.3.5 | Y21: ='RECUPERAÇÃO DOS PILARES'!$B$31 -> 67026A | Z21: ='RECUPERAÇÃO DOS PILARES'!$C$31 -> Proteção de Armadura Contra Corrosão a base de Zinco - 2 demãos - Ponte de Ligação do Concreto | AA21: ='RECUPERAÇÃO DOS PILARES'!$D$31 -> GOINFRA | AB21: ='RECUPERAÇÃO DOS PILARES'!$E$31 -> m² | AC21: =AA24*AB24*AC24 -> 3 | AD21: =AF40 -> 0
A22: Código Auxiliar | D22: (B) Mãos-de-obra | G22: Eq. Salarial | I22: Sal/Hora | L22: Encargos(%) | O22: Consumo | T22: Custo Horário
A23: 0005 | D23: SERVENTE | G23: 7.19 | I23: 20.21 | L23: 181.15 | O23: 0.3405 | T23: =I23*O23 -> 6.881505 | AA23: b(m) | AB23: l(m) | AC23: Demãos | AD23: n
A24: 0025 | D24: OFICIAL "B" | G24: 11.56 | I24: 29.14 | L24: 152.11 | O24: 1.5888 | T24: =I24*O24 -> 46.297632 | AA24: 1.5 | AB24: 2 | AC24: 1 | AD24: 1
A25: (B) Total: | Q25: =T23+T24 -> 53.179137
A27: Código Auxiliar | D27: (C) Materiais | J27: Unidade | M27: Valor unitário | P27: Consumo | U27: Valor total
A28: 2826 | D28: PRIMER ANTIOXIDANTE ALTO TEOR DE ZINCO TIPO ARMATEC ZN, BAUTECH EPZN OU EQUIVALENTE | J28: l | M28: 114.76 | P28: 0.2034 | U28: =M28*P28 -> 23.342184
A29: 1970 | D29: DILUENTE AGUARRÁS | J29: l | M29: 16.66 | P29: 0.0203 | U29: =M29*P29 -> 0.338198
A30: (C) Total: | Q30: =U28+U29 -> 23.680382
A32: Custo direto total (A) + (B) + (C) + (D) + (E) | Q32: =Q30+Q25 -> 76.859519
A33: BDI: 27,21% | Q33: 27.21
A34: Preço unitário total | V34: =Q32*(1+Q33/100) -> 97.772994
A37: Tabela de preços: 316 - TABELA DE CUSTOS DE OBRAS CIVIS - T316 - AGOSTO/2025 - SEM DESONERAÇÃO | Q37: Data base: 01/08/2025
A38: Serviço: 067010 - ESCARIFICAÇÃO MANUAL, CORTE DE CONCRETO ATÉ 3CM DE PROFUNDIDADE | Q38: Unidade: m3
A40: Código Auxiliar | D40: (B) Mãos-de-obra | G40: Eq. Salarial | I40: Sal/Hora | L40: Encargos(%) | O40: Consumo | T40: Custo Horário
A41: 0005 | D41: SERVENTE | G41: 7.19 | I41: 20.21 | L41: 181.15 | O41: 107.34 | T41: =O41*I41 -> 2169.3414
A42: (B) Total: | Q42: =T41 -> 2169.3414
A44: Custo direto total (A) + (B) + (C) + (D) + (E) | Q44: =Q42 -> 2169.3414
A45: BDI: 27,21% | Q45: 27.21
A46: Preço unitário total | V46: =Q44*(1+Q45/100) -> 2759.6192
A48: Tabela de preços: 316 - TABELA DE CUSTOS DE OBRAS CIVIS - T316 - AGOSTO/2025 - SEM DESONERAÇÃO | Q48: Data base: 01/08/2025
X49: ITEM | Y49: CÓDIGO | Z49: DISCRIMINAÇÃO | AA49: ORIGEM PREÇO | AB49: UNID. | AC49: QUANTIDADES TOTAL | AD49: PREÇO UN.
A50: Serviço: 067058A - PINTURA A BASE DE SILANO SILOXANO PARA PROTEÇÃO DE SUPERFÍCIES INTERNAS/EXTERNAS DE ESTRUTURA DE CONCRETO - 5 DEMÃOS | Q50: Unidade: m2 | X50: ='RECUPERAÇÃO DOS PILARES'!$A$33 -> 1.3.7 | Y50: ='RECUPERAÇÃO DOS PILARES'!$B$33 -> 67058A | Z50: ='RECUPERAÇÃO DOS PILARES'!$C$33 -> Pintura a base de Silano Siloxano para Proteção de Superfícies Internas/Externas de Estrutura de Concreto - 5 demãos | AA50: ='RECUPERAÇÃO DOS PILARES'!$D$33 -> GOINFRA | AB50: ='RECUPERAÇÃO DOS PILARES'!$E$33 -> m² | AC50: =AA53*AB53*AC53 -> 3 | AD50: =V62 -> 38.556079
A51: Código Auxiliar | D51: (B) Mãos-de-obra | G51: Eq. Salarial | I51: Sal/Hora | L51: Encargos(%) | O51: Consumo | T51: Custo Horário
A52: 0005 | D52: SERVENTE | G52: 7.19 | I52: 20.21 | L52: 181.15 | O52: =0.02*2.5 -> 0.05 | T52: =I52*O52 -> 1.0105 | AA52: b(m) | AB52: l(m) | AC52: Demãos | AD52: n
A53: 0018 | D53: PINTOR | G53: 11.56 | I53: 29.18 | L53: 152.49 | O53: =0.28*2.5 -> 0.7 | T53: =I53*O53 -> 20.426 | AA53: 1.5 | AB53: 2 | AC53: 1 | AD53: 1
A54: (B) Total: | Q54: =SUM(T52:V53) -> 21.4365
A56: Código Auxiliar | D56: (C) Materiais | J56: Unidade | M56: Valor unitário | P56: Consumo | U56: Valor total
A57: 2836 | D57: SOLUÇÃO A BASE DE SILANO SILOXANO PARA PROTEÇÃO DE SUPERFÍCIES DE CONCRETO TIPO SILICONE W, ACQUELLA OU EQUIVALENTE | J57: l | M57: 11.83 | P57: =0.15*5 -> 0.75 | U57: =P57*M57 -> 8.8725
A58: (C) Total: | Q58: =U57 -> 8.8725
A60: Custo direto total (A) + (B) + (C) + (D) + (E) | Q60: =Q58+Q54 -> 30.309
A61: BDI: 27,21% | Q61: 27.21
A62: Preço unitário total | V62: =Q60*(1+Q61/100) -> 38.556079
A65: Tabela de preços: 316 - TABELA DE CUSTOS DE OBRAS CIVIS - T316 - AGOSTO/2025 - SEM DESONERAÇÃO | Q65: Data base: 01/08/2025
X66: ITEM | Y66: CÓDIGO | Z66: DISCRIMINAÇÃO | AA66: ORIGEM PREÇO | AB66: UNID. | AC66: QUANTIDADES TOTAL | AD66: PREÇO UN.
A67: Serviço: 067022 - LIMPEZA DO SUBSTRATO COM APLICAÇÃO DE JATO DE ÁGUA FRIA | Q67: Unidade: m2 | X67: ='RECUPERAÇÃO DOS PILARES'!$A$28 -> 1.3.2 | Y67: ='RECUPERAÇÃO DOS PILARES'!$B$28 -> 67022 | Z67: ='RECUPERAÇÃO DOS PILARES'!$C$28 -> Limpeza do substrato com aplicação de jato de água fria | AA67: ='RECUPERAÇÃO DOS PILARES'!$D$28 -> GOINFRA | AB67: ='RECUPERAÇÃO DOS PILARES'!$E$28 -> m² | AC67: =AA70*AB70*AC70*AD70 -> 12 | AD67: =V78 -> 3.1065445
A68: Código Auxiliar | D68: (B) Mãos-de-obra | G68: Eq. Salarial | I68: Sal/Hora | L68: Encargos(%) | O68: Consumo | T68: Custo Horário
A69: 0008 | D69: AJUDANTE | G69: 8.09 | I69: 22.05 | L69: 172.66 | O69: 0.11 | T69: =I69*O69 -> 2.4255 | AA69: b(m) | AB69: l(m) | AC69: Demãos | AD69: n
A70: (B) Total: | Q70: =T69 -> 2.4255 | AA70: 1.5 | AB70: 2 | AC70: 4 | AD70: 1
A72: Código Auxiliar | D72: (C) Materiais | J72: Unidade | M72: Valor unitário | P72: Consumo | U72: Valor total
A73: 2824 | D73: MÁQUINA LAVA A JATO DE ÁGUA FRIA PRESSÃO MÍNIMA DE 1700 PSI (LBF/POL ²) COM ESGUICHO E MANGUEIRA ( MANUTENÇÃO E DEPRECIAÇÃO DE EQUIPAMENTO) - PREÇO DO EQUIPAMENTO NOVO DIVIDIDO POR 1.000 | J73: un | M73: 3.6 | P73: 0.0046 | U73: =P73*M73 -> 0.01656
A74: (C) Total: | Q74: =U73 -> 0.01656
A76: Custo direto total (A) + (B) + (C) + (D) + (E) | Q76: =Q74+Q70 -> 2.44206
A77: BDI: 27,21% | Q77: 27.21
A78: Preço unitário total | V78: =Q76*(1+Q77/100) -> 3.1065445

Sheet Cronograma
A1: AGÊNCIA GOIANIA DE INFRAESTRUTURA E TRANSPORTES | I1: ESTADO DE GOIÁS
A4: Obra: Recuperação Pilares Ponte sobre o Rio dos Bois | I4: CRONOGRAMA FÍSICO - FINANCEIRO
A5: Rodovia: GO-206
A6: Trecho: Inaciolândia/Gouvelândia
H7: D. Base:Ago/2025 (SEM DESON.)
A9: ITEM | B9: SERVIÇOS | E9: CRONOGRAMA FÍSICO - FINANCEIRO
E10: Meses
B11: DISCRIMINAÇÃO | D11: TOTAL | E11: 1
D12: (R$) | E12: % | F12: VALOR
A13: 1 | B13: Serviços preliminares | D13: ='RECUPERAÇÃO DOS PILARES'!H11 -> 38038.929 | E13: 1 | F13: =E13*$D13 -> 38038.929
A14: 2 | B14: Restauração pilar Pórtico 1 - LE | D14: ='RECUPERAÇÃO DOS PILARES'!H15 -> 16608.065 | E14: 1 | F14: =E14*$D14 -> 16608.065
A15: 2.1 | B15: Restauração pilar Pórtico 2 - LE | D15: ='RECUPERAÇÃO DOS PILARES'!H26 -> 16608.065 | E15: 1 | F15: =E15*$D15 -> 16608.065
A16: Faturamento simples (R$) | D16: =SUM(D13:D15) -> 71255.059 | E16: =ROUND(F16/$D$17,4) -> 1 | F16: =SUM(F13:F15) -> 71255.059
A17: Faturamento acumulado (R$) | D17: =D16 -> 71255.059 | E17: =ROUND(F17/$D$17,4) -> 1 | F17: =F16 -> 71255.059

Sheet Administração Local
A1: ADMINISTRAÇÃO LOCAL
A2: DESCRIÇÃO | B2: UNIDADE | C2: CUSTO UNITÁRIO | D2: FAIXA (CONFORME PROJETO)
D3: QUANTIDADE | E3: CUSTO TOTAL | G3: QUANTIDADE
A4: DIVISÃO DE ENGENHARIA
A5: Coordenador / Gestor do Contrato | B5: mês | C5: 31684.46 | D5: 0 | E5: =TRUNC(D5*C5,2) -> 0 | G5: 0
A6: Engenheiro Pleno / Gestor do Contrato | B6: mês | C6: 27082.02 | D6: 0 | E6: =TRUNC(D6*C6,2) -> 0 | G6: 0
A7: Engenheiro de Produção/ Civil | B7: mês | C7: 22475.74 | D7: 0.33 | E7: =TRUNC(D7*C7,2) -> 7416.99 | G7: 8
A8: Técnico Nível Médio Estradas (Sala Técnica) | B8: mês | C8: 5663.96 | D8: 0 | E8: =TRUNC(D8*C8,2) -> 0 | G8: 0
A9: Encarregado de Topografia / Topógrafo Chefe | B9: mês | C9: 8246.85 | D9: 0 | E9: =TRUNC(D9*C9,2) -> 0 | G9: 0
A10: Topógrafo | B10: mês | C10: 6591.35 | D10: 0 | E10: =TRUNC(D10*C10,2) -> 0 | G10: 1
A11: Auxiliar de Topografia | B11: mês | C11: 2678.69 | D11: 0 | E11: =TRUNC(D11*C11,2) -> 0 | G11: 2
A12: Laboratorista de Solos | B12: mês | C12: 6591.35 | D12: 0 | E12: =TRUNC(D12*C12,2) -> 0 | G12: 0
A13: Laboratorista de Betumes e Concretos | B13: mês | C13: 6591.35 | D13: 0 | E13: =TRUNC(D13*C13,2) -> 0 | G13: 0
A14: Auxiliar de Laboratorista | B14: mês | C14: 2678.69 | D14: 0 | E14: =TRUNC(D14*C14,2) -> 0 | G14: 0
A15: DIVISÃO DE SEGURANÇA E MEDICINA DO TRABALHO
A16: Engenheiro de Segurança do Trabalho | B16: mês | C16: 27082.02 | D16: 0 | E16: =TRUNC(D16*C16,2) -> 0 | G16: 0
A17: Médico de Segurança do Trabalho | B17: mês | C17: 17507.3 | D17: 0 | E17: =TRUNC(D17*C17,2) -> 0 | G17: 0
A18: Técnico de Segurança do Trabalho | B18: mês | C18: 5772.41 | D18: 0 | E18: =TRUNC(D18*C18,2) -> 0 | G18: 0
A19: DIVISÃO DE PRODUÇÃO
A20: Encarregado Geral | B20: mês | C20: 8246.85 | D20: 0.33 | E20: =TRUNC(D20*C20,2) -> 2721.46 | G20: 8
A21: Motorista | B21: mês | C21: 3471.96 | D21: 0 | E21: =TRUNC(D21*C21,2) -> 0 | G21: 0
A22: DIVISÃO ADMINISTRATIVA
A23: Encarregado Administrativo | B23: mês | C23: 4046.78 | D23: 0 | E23: =TRUNC(D23*C23,2) -> 0 | G23: 0
A24: Auxiliar Administrativo | B24: mês | C24: 3157.72 | D24: 0 | E24: =TRUNC(D24*C24,2) -> 0 | G24: 0
A25: Almoxarife / Apontador / Comprador | B25: mês | C25: 5955.21 | D25: 0 | E25: =TRUNC(D25*C25,2) -> 0 | G25: 8
A26: Recepcionista / Telefonista | B26: mês | C26: 3157.72 | D26: 0 | E26: =TRUNC(D26*C26,2) -> 0 | G26: 0
A27: Vigia | B27: mês | C27: 2671.03 | D27: 0 | E27: =TRUNC(D27*C27,2) -> 0 | G27: 18
A28: MANUTENÇÃO DO CANTEIRO
A29: Material de Expediente / Cópias / Impressões | B29: mês | C29: 200 | D29: 0 | E29: =TRUNC(D29*C29,2) -> 0 | G29: 8
A30: Medicamentos | B30: mês | C30: 50 | D30: 0 | E30: =TRUNC(D30*C30,2) -> 0 | G30: 0
A31: VEÍCULOS DA ADMINISTRAÇÃO
A32: Veículos Leves (incluso combustível) | B32: mês | C32: 3477.29 | D32: 0.33 | E32: =TRUNC(D32*C32,2) -> 1147.5 | G32: 8
A33: EQUIPAMENTOS INDIRETOS
A34: Equipamentos de Laboratório de Solos | B34: mês | C34: 3565.59 | D34: 0 | E34: =TRUNC(D34*C34,2) -> 0 | G34: 0
A35: Equipamentos de Laboratório de Betume | B35: mês | C35: 6028.61 | D35: 0 | E35: =TRUNC(D35*C35,2) -> 0 | G35: 0
A36: Equipamentos de Laboratório de Concreto | B36: mês | C36: 4702.01 | D36: 0 | E36: =TRUNC(D36*C36,2) -> 0 | G36: 0
A37: Instrumental de Topografia | B37: mês | C37: 5216.23 | D37: 0 | E37: =TRUNC(D37*C37,2) -> 0 | G37: 0
A38: Caminhão Munk | B38: mês | C38: 38694.48 | D38: 0 | E38: =TRUNC(D38*C38,2) -> 0 | G38: 0
A39: Caminhão prancha | B39: mês | C39: 39557.98 | D39: 0 | E39: =TRUNC(D39*C39,2) -> 0 | G39: 0
A40: SERVIÇOS TÉCNICOS
A41: PCMSO (NR-7) | B41: unidade | C41: 400 | D41: 0 | E41: =TRUNC(D41*C41,2) -> 0 | G41: 1
A42: PGR (NR-18) | B42: unidade | C42: 3277.78 | D42: 0 | E42: =TRUNC(D42*C42,2) -> 0 | G42: 1
A43: Exames Admissionais/Demissionais | B43: unidade | C43: 32.5 | D43: 0 | E43: =TRUNC(D43*C43,2) -> 0 | G43: 64
A44: Anotação de Responsabilidade Técnica | B44: unidade | C44: 271.47 | D44: 1 | E44: =TRUNC(D44*C44,2) -> 271.47 | G44: 3
A45: Ensaios Tecnológicos | B45: unidade | C45: 186.69 | D45: 0 | E45: =TRUNC(D45*C45,2) -> 0 | G45: 0
A46: CUSTO TOTAL | D46: =SUM(E5:E14,E16:E18,E20:E21,E23:E27,E29:E30,E32,E34:E39,E41:E45) -> 11557.42
A47: BDI (20,45%) | D47: =D46*([205]BDI!D19/100) -> 3144.3217
A48: PREÇO TOTAL | D48: =SUM(D46:E47) -> 14701.742

Sheet Canteiro de Obras
A1: CANTEIRO DE OBRAS
A2: DESCRIÇÃO | B2: UNIDADE | C2: CUSTO UNITÁRIO | D2: FAIXA (CONFORME PROJETO)
D3: QUANTIDADE | E3: CUSTO TOTAL
A4: TERRAPLANAGEM E PREPARAÇÃO DO TERRENO
A5: Desmatamento, destocamento e limpeza - árvores com diâmetros menores de 15 cm | B5: m² | C5: 0.21 | D5: 0 | E5: =TRUNC(C5*D5,2) -> 0
A6: Escav., carga e transp. 1ª categ. c/ carregadeira p/ pequenos movimentos de terra - (dt: 201 a 400m) | B6: m³ | C6: 10.36 | D6: 0 | E6: =TRUNC(C6*D6,2) -> 0
A7: Compactação mecânica sem controle de laboratório | B7: m³ | C7: 1.95 | D7: 0 | E7: =TRUNC(C7*D7,2) -> 0
A8: INSTALAÇÕES PROVISÓRIAS
A9: Escritório de campo | B9: m² | C9: 287.47 | D9: 0 | E9: =TRUNC(C9*D9,2) -> 0
A10: Escritório urbano (cidade) | B10: mês | C10: 4042.01 | D10: 0 | E10: =TRUNC(C10*D10,2) -> 0
A11: Alojamento (pessoal operacional) | B11: m² | C11: 287.47 | D11: =27.23/2 -> 13.615 | E11: =TRUNC(C11*D11,2) -> 3913.9
A12: Alojamento (pessoal técnico administrativo) | B12: m² | C12: 287.47 | D12: 0 | E12: =TRUNC(C12*D12,2) -> 0
A13: Alojamento (engenheiros) | B13: mês | C13: 5541 | D13: 0.3 | E13: =TRUNC(C13*D13,2) -> 1662.3
A14: Mobiliário de Escritório (inclusive equipamentos de informática) | B14: mês | C14: 6383.04 | D14: 0 | E14: =TRUNC(C14*D14,2) -> 0
A15: Mobiliário de Alojamento (engenheiros) | B15: mês | C15: 645.64 | D15: 0 | E15: =TRUNC(C15*D15,2) -> 0
A16: Almoxarifado | B16: m² | C16: 201.23 | D16: 0 | E16: =TRUNC(C16*D16,2) -> 0
A17: Galpões para Carpintaria e Armação (cobertura) | B17: m² | C17: 201.23 | D17: 0 | E17: =TRUNC(C17*D17,2) -> 0
A18: Oficinas | B18: m² | C18: 201.23 | D18: 0 | E18: =TRUNC(C18*D18,2) -> 0
A19: Fiscalização | B19: m² | C19: 287.47 | D19: 0 | E19: =TRUNC(C19*D19,2) -> 0
A20: Posto de Combustível e Lubrificação | B20: m² | C20: 201.23 | D20: 0 | E20: =TRUNC(C20*D20,2) -> 0
A21: Vestiários | B21: m² | C21: 287.47 | D21: 0 | E21: =TRUNC(C21*D21,2) -> 0
A22: Sanitários | B22: m² | C22: 287.47 | D22: 0 | E22: =TRUNC(C22*D22,2) -> 0
A23: Banheiros Químicos (com lavatório) | B23: un | C23: 745.68 | D23: 1 | E23: =TRUNC(C23*D23,2) -> 745.68
... A42: Utilização da Área de Canteiro (locação) | B42: m² x mês | C42: 0 | D42: 0 | E42: =TRUNC(C42*D42,2) -> 0
A43: INSTALAÇÕES INDUSTRIAIS
A44: Instalação de Usina de Asfalto | B44: un | C44: 91281.5 | D44: 0 | E44: =TRUNC(C44*D44,2) -> 0
A45: Instalação de Usina de Solos | B45: un | C45: 58038.04 | D45: 0 | E45: =TRUNC(C45*D45,2) -> 0
A46: Paiol de explosivos | B46: m² | C46: 201.23 | D46: 0 | E46: =TRUNC(C46*D46,2) -> 0
A47: SISTEMA VIÁRIO INTERNO E CAMINHOS DE SERVIÇO
A48: Escavação, carga e transporte de material de 1ª categoria até 50m - c/ trator de esteiras | B48: m³ | C48: 2.46 | D48: 0 | E48: =TRUNC(C48*D48,2) -> 0
A49: Compactação a 95% do proctor normal | B49: m³ | C49: 3.93 | D49: 0 | E49: =TRUNC(C49*D49,2) -> 0
A50: Sinalização - placas da obra (caminhos de serviço) | B50: m² | C50: 433.85 | D50: 0 | E50: =TRUNC(C50*D50,2) -> 0
A51: Sinalização - placas da obra (desvio / pare siga) | B51: m² | C51: 433.85 | D51: 0 | E51: =TRUNC(C51*D51,2) -> 0
A52: Cone de sinalização (desvio) | B52: un | C52: 103.83 | D52: 0 | E52: =TRUNC(C52*D52,2) -> 0
A53: Tambor de 200L (desvio) | B53: un | C53: 110.43 | D53: 0 | E53: =TRUNC(C53*D53,2) -> 0
A54: Caminhão Pipa (desvio / caminho de serviço) | B54: h | C54: 160.48 | D54: 0 | E54: =TRUNC(C54*D54,2) -> 0
A55: Servente para sinalização (desvio) | B55: mês | C55: 2302.74 | D55: 0 | E55: =TRUNC(C55*D55,2) -> 0
A56: LICENÇAS AMBIENTAIS
A57: Licença de Instalação de Canteiro (fixo) | B57: un | C57: 5403.04 | D57: 0 | E57: =TRUNC(C57*D57,2) -> 0
A58: Licença de Instalação de Canteiro (área) | B58: m2 | C58: 0.4 | D58: 0 | E58: =TRUNC(C58*D58,2) -> 0
A59: Licença de Usina | B59: un | C59: 6911.2 | D59: 0 | E59: =TRUNC(C59*D59,2) -> 0
A60: Licença de Cascalheira | B60: un | C60: 16461.31 | D60: 0 | E60: =TRUNC(C60*D60,2) -> 0
A61: Licença de Outorga de Uso da Água | B61: un | C61: 4807.28 | D61: 0 | E61: =TRUNC(C61*D61,2) -> 0
A62: CUSTO TOTAL | D62: =SUM(E5:E7,E9:E42,E44:E46,E48:E55,E57:E61) -> 7601.88
A63: BDI (27,21%) | D63: =D62*([205]BDI!D19/100) -> 2068.1741
A64: PREÇO TOTAL | D64: =SUM(D62:E63) -> 9670.0541

Sheet Tabela T-313
H1: GOINFRA - Agência Goiana de Infraestrutura e Transportes | S1: 31/10/2025 - 09:36
H3: Custo Referencial de Serviços
A5: Tabela de Preços: | F5: TABELA DE TERRAPLENAGEM, PAVIMENTAÇÃO E OBRAS DE ARTE ESPECIAIS - AGO/25 - SEM DESONERAÇÃO - T313 | P5: Data Base: 01/08/2025
A6: Valores com BDI - BDI: 27,21%
A8: Código Auxiliar | C8: Serviço | R8: Unidade | U8: Preço Unitário
A9: 100001 | C9: TERRAPLENAGEM
A10: 40001 | C10: DESMATAMENTO E LIMPEZA - INCLUSO DESTOCAMENTO DE ÁRVORES COM DIÂMETROS MENORES DE 15 cm | R10: m2 | U10: 0.68
A11: 40003 | C11: DESTOCAMENTO DE ÁRVORES COM DIÂMETRO DE 15 A 30 cm | R11: un | U11: 51.55
A12: 40004 | C12: DESTOCAMENTO DE ÁRVORES COM DIÂMETRO MAIOR QUE 30 cm | R12: un | U12: 128.9
A13: 40005 | C13: CARGA DE ENTULHOS | R13: m3 | U13: 3.3
A14: 40006 | C14: TRANSPORTE DE ENTULHOS | R14: m3km | U14: 2.74
A15: 40010 | C15: ESCAVAÇÃO, CARGA E TRANSPORTE DE MATERIAL DE 1ª CATEGORIA ATÉ 50M | R15: m3 | U15: 3.76
A16: 40011 | C16: ESCAVAÇÃO, CARGA E TRANSPORTE DE MATERIAL DE 2ª CATEGORIA ATÉ 50M | R16: m3 | U16: 8.71
A17: 40012 | C17: ESCAVAÇÃO, CARGA E TRANSPORTE DE MATERIAL DE 3ª CATEGORIA ATÉ 50M | R17: m3 | U17: 44.67
A18: 40015 | C18: ESCAV., CARGA E TRANSPORTE DE MAT. 1ª CATEG. - C/ ESCAVADEIRA - (DT: 51 A 200M) | R18: m3 | U18: 9.07
A19: 40016 | C19: ESCAV., CARGA E TRANSPORTE DE MAT. 1ª CATEG. - C/ ESCAVADEIRA - (DT: 201 A 400M) | R19: m3 | U19: 10.43
A20: 40017 | C20: ESCAV., CARGA E TRANSPORTE DE MAT. 1ª CATEG. - C/ ESCAVADEIRA - (DT: 401 A 600M) | R20: m3 | U20: 11.01
A21: 40018 | C21: ESCAV., CARGA E TRANSPORTE DE MAT. 1ª CATEG. - C/ ESCAVADEIRA - (DT: 601 A 800M) | R21: m3 | U21: 12.31
... A99: 40145 | C99: ESPALHAMENTO DE MATERIAL EM BOTA-FORA | R99: m3 | U99: 2.58
A100: 100002 | C100: PAVIMENTAÇÃO
A101: 40305 | C101: ACABAMENTO E RECOMPOSIÇÃO DE JAZIDA | R101: m2 | U101: 0.5
A102: 40310 | C102: REGULARIZAÇÃO E COMPACTAÇÃO DO SUB-LEITO | R102: m2 | U102: 3.53
A103: 40315 | C103: ESCAVAÇÃO E CARGA DE MATERIAL DE JAZIDA | R103: m3 | U103: 5.67
A104: 40316 | C104: ESCAVAÇÃO E CARGA DE MATERIAL DE JAZIDA - COM INDENIZAÇÃO | R104: m3 | U104: 12.03
A105: 40320 | C105: TRANSPORTE DE MATERIAL DE JAZIDA (CASCALHO) | R105: m3km | U105: 3.04
A106: 40325 | C106: TRANSPORTE LOCAL DA MISTURA | R106: m3km | U106: 2.2
A107: 40326 | C107: TRANSPORTE COMERCIAL DA MISTURA | R107: m3km | U107: 1.47
A108: 40335 | C108: ESTABILIZAÇÃO GRANULOMÉTRICA SEM MISTURA - REF.PROCTOR: 26 GOLPES (100% P.I.) | R108: m3 | U108: 23.5
A109: 40336 | C109: ESTABILIZAÇÃO GRANULOMÉTRICA SEM MISTURA - REF.PROCTOR: 39 GOLPES (100% P.IM.) | R109: m3 | U109: 26.52
A110: 40337 | C110: ESTABILIZAÇÃO GRANULOMÉTRICA SEM MISTURA - REF.PROCTOR: 55 GOLPES (100% P.M.) | R110: m3 | U110: 29.63
A111: 40350 | C111: ESTABILIZAÇÃO SOLO-CIMENTO 2% PESO - PISTA | R111: m3 | U111: 60.85
A112: 40365 | C112: ESTABILIZAÇÃO SOLO-CIMENTO 6% PESO - USINA | R112: m3 | U112: 132.73
... A168: 42498 | C168: USINAGEM DE CONCRETO BETUMINOSO USINADO À QUENTE - CBUQ - FAIXA B | R168: m3 | U168: 403.65
A169: 100004 | C169: DRENAGEM
A170: 41201 | C170: SARJETA TRIANGULAR DE CONCRETO - STC 150-30 | R170: m | U170: 106.79
A171: 41202 | C171: SARJETA TRIANGULAR DE CONCRETO - STC 125-25 | R171: m | U171: 89.05
A172: 41203 | C172: SARJETA TRIANGULAR DE CONCRETO - STC 100-20 | R172: m | U172: 71.55
A173: 41204 | C173: SARJETA TRIANGULAR DE CONCRETO - STC 80-15 | R173: m | U173: 57.29
A174: 41205 | C174: SARJETA TRIANGULAR DE CONCRETO - STC 150-32 | R174: m | U174: 109.78
A175: 41206 | C175: SARJETA TRIANGULAR DE CONCRETO - STC 125-27 | R175: m | U175: 91.73
A176: 41207 | C176: SARJETA TRIANGULAR DE CONCRETO - STC 100-21 | R176: m | U176: 73.26
A177: 41208 | C177: SARJETA TRIANGULAR DE CONCRETO - STC 80-17 | R177: m | U177: 59.13
A178: 41209 | C178: SARJETA TRIANGULAR DE CONCRETO - STC 108-25 | R178: m | U178: 83.38
A179: 41210 | C179: SARJETA TRIANGULAR DE CONCRETO - STC 88-20 | R179: m | U179: 67.42
A180: 41211 | C180: SARJETA TRIANGULAR DE CONCRETO - STC 73-15 | R180: m | U180: 54.61
A181: 41216 | C181: SARJETA TRIANGULAR DE GRAMA - STG 125-25 | R181: m | U181: 30.41
... A282: 47024 | C282: ESCAVAÇÃO MECÂNICA DE VALA PARA DRENAGEM | R282: m3 | U282: 25.91
A283: 100005 | C283: OBRAS COMPLEMENTARES
A284: 40800 | C284: CERCA DE VEDAÇÃO DE FAIXA DE DOMÍNIO EM MADEIRA | R284: M | U284: 22.78
A285: 40804 | C285: REMOÇÃO DE CERCA | R285: m | U285: 7.26
A286: 40805 | C286: REMOÇÃO E RECOLOCAÇÃO DE CERCA | R286: M | U286: 16.34
A287: 40810 | C287: DEFENSA METÁLICA SEMI-MALEÁVEL SIMPLES | R287: M | U287: 391.57
A288: 40811 | C288: ANCORAGEM DE DEFENSA METÁLICA SEMI-MALEÁVEL SIMPLES | R288: m | U288: 465.66
A289: 40865 | C289: REVESTIMENTO VEGETAL EM PLACAS (GRAMA) | R289: m2 | U289: 15.34
A290: 40870 | C290: REVESTIMENTO VEGETAL EM MUDAS | R290: m2 | U290: 7.87
A291: 40880 | C291: CONFORMAÇÃO DE TALUDE | R291: m2 | U291: 0.82
A292: 40885 | C292: FLORESTAMENTO | R292: m2 | U292: 14.28
A293: 40890 | C293: REVESTIMENTO VEGETAL POR HIDROSSEMEADURA | R293: m2 | U293: 8
A294: 40895 | C294: SEMEADURA MANUAL | R294: m2 | U294: 2.04
A295: 117318 | C295: SINALIZAÇÃO HORIZONTAL
A296: 40814 | C296: SINALIZAÇÃO HORIZONTAL COM RESINA ACRÍLICA (0,4 mm) | R296: m2 | U296: 26.7
A297: 40815 | C297: SINALIZAÇÃO HORIZONTAL COM RESINA ACRÍLICA (0,6 mm) | R297: m2 | U297: 35.86
A298: 40816 | C298: SINALIZAÇÃO HORIZONTAL COM RESINA ACRÍLICA EMULSIONADA EM ÁGUA (0,3 mm) | R298: m2 | U298: 18.53
A299: 40817 | C299: SINALIZAÇÃO HORIZONTAL COM RESINA ACRÍLICA EMULSIONADA EM ÁGUA (0,4 mm) | R299: m2 | U299: 21.9
A300: 40818 | C300: SINALIZAÇÃO HORIZONTAL COM RESINA ACRÍLICA EMULSIONADA EM ÁGUA (0,5 mm) | R300: m2 | U300: 25.27
A301: 40820 | C301: SINALIZAÇÃO HORIZONTAL COM TERMOPLÁSTICO POR ASPERSÃO - HOT SPRAY (1,5 mm) | R301: m2 | U301: 75.74
A302: 40825 | C302: SINALIZAÇÃO HORIZONTAL COM TERMOPLÁSTICO EXTRUDADO (3 mm) | R302: m2 | U302: 137.32
A303: 40830 | C303: TACHA REFLETIVA MONODIRECIONAL | R303: Un | U303: 46.12
A304: 40835 | C304: TACHA REFLETIVA BIDIRECIONAL | R304: Un | U304: 48.32
A305: 40840 | C305: TACHÃO REFLETIVO MONODIRECIONAL | R305: Un | U305: 93.15
A306: 40845 | C306: TACHÃO REFLETIVO BIDIRECIONAL | R306: Un | U306: 95.64
A307: 117947 | C307: SINALIZAÇÃO VERTICAL
A308: 40850 | C308: SINALIZAÇÃO VERTICAL SEMI-REFLETIVA | R308: m2 | U308: 457.53
A309: 40851 | C309: SINALIZAÇÃO VERTICAL TOTALMENTE REFLETIVA (TIPO I) | R309: m2 | U309: 606.9
A310: 40853 | C310: SINALIZAÇÃO VERTICAL TOTALMENTE REFLETIVA (TIPO III) | R310: m2 | U310: 779.97
A311: 40855 | C311: SINALIZAÇÃO VERTICAL TOTALMENTE REFLETIVA | R311: m2 | U311: 656.35
A312: 40856 | C312: SINALIZAÇÃO VERTICAL TOTALMENTE REFLETIVA - CHAPA DE ALUMÍNIO | R312: m2 | U312: 1452.96
A313: 100008 | C313: OBRAS DE ARTE CORRENTES
A314: 41800 | C314: REMOÇÃO DE BUEIROS TUBULARES | R314: M | U314: 74.72
A315: 41806 | C315: CORPO DE BSTC D=0,60M (EXCETO ESCAVAÇÃO) | R315: m | U315: 530.13
A316: 41811 | C316: CORPO DE BSTC D=0,80M (EXCETO ESCAVAÇÃO) | R316: m | U316: 863.55
A317: 41816 | C317: CORPO DE BSTC D=1,00M (EXCETO ESCAVAÇÃO) | R317: m | U317: 1119.51
A318: 41821 | C318: CORPO DE BSTC D=1,20M (EXCETO ESCAVAÇÃO) | R318: m | U318: 1463.42
A319: 41826 | C319: CORPO DE BSTC D=1,50M (EXCETO ESCAVAÇÃO) | R319: m | U319: 2406.85
A320: 41831 | C320: CORPO DE BDTC D=1,00M (EXCETO ESCAVAÇÃO) | R320: m | U320: 2186.94
A321: 41836 | C321: CORPO DE BDTC D=0,80M (EXCETO ESCAVAÇÃO) | R321: m | U321: 1678.15
A322: 41841 | C322: CORPO DE BTTC D=1,00M (EXCETO ESCAVAÇÃO) | R322: m | U322: 3217.06
A323: 41846 | C323: BOCA DE BSTC D=0,60M (AC/BC) | R323: un | U323: 831.2
A324: 41851 | C324: BOCA DE BSTC D=0,80M (AC/BC) | R324: un | U324: 940.55
A325: 41856 | C325: BOCA DE BSTC D=1,00M (AC/BC) | R325: un | U325: 1364.26
... A333: 47021 | C333: CONFECÇÃO E INSTALAÇÃO DE GUIAS | R333: M | U333: 3.65
A334: 100011 | C334: SERVIÇOS DIVERSOS
A335: 42800 | C335: GABIÕES (1,00 M) | R335: m3 | U335: 811.25
A336: 42805 | C336: GABIÕES (0,5 M) | R336: m3 | U336: 1028.37
A337: 42810 | C337: COLCHÕES RENO (0,3 M) | R337: m3 | U337: 1318.35
A338: 42816 | C338: RIP-RAP | R338: m3 | U338: 402.39
A339: 42820 | C339: DEMOLIÇÃO DE CONCRETO SIMPLES | R339: m3 | U339: 271.91
A340: 42825 | C340: DEMOLIÇÃO DE CONCRETO ARMADO | R340: m3 | U340: 854.68
A341: 42831 | C341: CONCRETO FCK=11 MPA P/ DRENAGEM | R341: m3 | U341: 505.57
A342: 42836 | C342: CONCRETO FCK=15 MPA P/ DRENAGEM | R342: m3 | U342: 562.25
...
